 Dungeon Crawl Stone Soup version 0.29.1-13-g9f3cf754e1 (webtiles) character file.

Game seed: 16983946170031391708

56 DildoBatman the Conjurer (level 4, -3/30 (32) HPs)
             Began as a Formicid Conjurer on Jan 23, 2023.
             Slain by a worm (4 damage)
             ... on level 3 of the Dungeon.
             The game lasted 00:03:01 (1374 turns).

DildoBatman the Conjurer (Formicid Conjurer)        Turns: 1374, Time: 00:03:02

HP:   -3/30 (32)    AC:  4    Str: 12    XL:     4   Next: 17%
MP:   5/8           EV: 12    Int: 19    God:
Gold: 87            SH:  0    Dex: 12    Spells: 5/8 levels left

rFire   . . .      SeeInvis +   a - +1 falchion (elec)
rCold   . . .      Faith    .   (no shield)
rNeg    . . .      Spirit   .   e - +0 robe
rPois   .          Reflect  .   (helmet unavailable)
rElec   .          Harm     .   (no cloak)
rCorr   .          Rampage  .   f - +0 pair of gloves
Will    .....                   i - +0 pair of boots
Stlth   ++........              (no amulet)
HPRegen 0.10/turn               h - ring of flight
MPRegen 0.11/turn               (no ring)

@: flying, drained
A: permanent stasis, dig shafts and tunnels, antennae 3, four strong arms
a: Dig, Shaft Self


You were on level 3 of the Dungeon.
You visited 1 branch of the dungeon, and saw 3 of its levels.

You collected 87 gold pieces.

Inventory:

Hand Weapons
 a - a +1 falchion of electrocution (weapon)
Missiles
 l - 3 poisoned darts
Armour
 e - a +0 robe (worn)
 f - a +0 pair of gloves (worn)
 i - a +0 pair of boots (worn)
Magical Staves
 p - a staff of conjuration
Jewellery
 h - a ring of flight (left hand)
 q - a ring of protection from cold
Scrolls
 g - a scroll of poison {unknown}
 j - 3 scrolls of identify {unknown}
 k - a scroll of blinking {unknown}
 o - a scroll of teleportation {unknown}
Potions
 b - a potion of magic
 c - a potion of heal wounds {unknown}
 d - a potion of might {unknown}
 m - 2 potions of berserk rage {unknown}
 n - a potion of curing {unknown}


   Skills:
 * Level 1.5 Fighting
 * Level 1.6 Armour
 - Level 2.0 Dodging
 - Level 2.4 Stealth
 * Level 2.8 Spellcasting
 * Level 3.9 Conjurations


You had 5 spell levels left.
You knew the following spells:

 Your Spells              Type           Power      Damage    Failure   Level
a - Searing Ray           Conj           34%        2d5       4%          2
c - Magic Dart            Conj           68%        1d6       3%          1

Your spell library contained the following spells:

 Spells                   Type           Power      Damage    Failure   Level
 Dazzling Flash           Conj/Hex       20%        N/A       21%         3
 Fulminant Prism          Conj/Hex       5%         3d7       56%         4
 Iskenderun's Mystic Bla  Conj/Tloc      10%        2d4       56%         4


Dungeon Overview and Level Annotations

Branches:
Dungeon (3/15)

Altars:


Innate Abilities, Weirdness & Mutations

You cannot be hasted, slowed, berserked, paralysed or teleported.
You can dig through walls and to a lower floor.
You have a pair of large antennae on your head. (SInv)
Your four strong arms can wield two-handed weapons with a shield.


Message History

g - Guard the area. f - Follow me.
Anything else - Cancel.
You shout for attention!
You extend your mandibles.
You dig through the rock wall.
You feel drained.
You dig through the rock wall.
You feel drained. The rat closely misses you. The worm bites you!
What are your orders? t - Shout!
Orders for allies: a - Attack new target. p - Attack previous target. r - Retreat! s - Stop attacking. g - Guard the area. f - Follow me.
Anything else - Cancel.
You shout for attention!
The worm bites you!
A worm comes into view.
The rat barely misses you. What are your orders? t - Shout!
Orders for allies: a - Attack new target. p - Attack previous target. r - Retreat! s - Stop attacking. g - Guard the area. f - Follow me.
Anything else - Cancel.
You shout for attention!
The worm closely misses you. The rat bites you but does no damage.
The worm bites you! What are your orders? t - Shout!
Orders for allies: a - Attack new target. p - Attack previous target. r - Retreat! s - Stop attacking. g - Guard the area. f - Follow me.
Anything else - Cancel.
You shout for attention!
The rat bites you but does no damage. The worm bites you.
You die...

#.##.##
#.##.#
#.##.##
#.#...# {
#..####
#.## #.##
#..##
##w@#######
##rw......
##....~..
..~~~~~
####w#~ ~~
#


You could see 3 worms and a rat.

Vanquished Creatures
  2 adders
  2 worms (D:2)
  A dart slug (D:1)
  An endoplasm (D:1)
  2 giant cockroaches
  4 goblins
  2 hobgoblins (D:1)
  A quokka (D:2)
  6 ball pythons
  3 bats
  3 frilled lizards
  3 kobolds (D:1)
  A rat (D:3)
31 creatures vanquished.

Vanquished Creatures (others)
  3 plants (D:1)
3 creatures vanquished.

Grand Total: 34 creatures vanquished

Notes
Turn   | Place    | Note
-------+----------+-------------------------------------------
     0 | D:1      | DildoBatman the Formicid Conjurer began the quest for the
                  | Orb.
     0 | D:1      | Reached XP level 1. HP: 13/13 MP: 3/3
   200 | D:1      | Reached XP level 2. HP: 20/20 MP: 0/5
   203 | D:1      | Learned a level 2 spell: Searing Ray
   441 | D:1      | Found a faded altar of an unknown god.
   763 | D:2      | Reached skill level 1 in Fighting
   763 | D:2      | Reached skill level 1 in Armour
   763 | D:2      | Reached XP level 3. HP: 26/26 MP: 0/6
  1369 | D:3      | Reached XP level 4. HP: 24/32 MP: 5/8
  1373 | D:3      | HP: 1/30 [worm (7)]
  1374 | D:3      | Slain by a worm

Illustrated notes

Levels and vault maps discovered:
D:1:      giann_forest_graveyard, layout_rooms,
          shapermc_ecumenical_altar_mp_urbaneastern
D:2:      layout_basic
D:3:      layout_loops_cross, nicolae_overflow_hallway_of_the_gods,
          lightli_sewer_entry_pipes, uniq_robin, uniq_ijyb

Skill      XL: |  1  2 |
---------------+-------+-----
Dodging        | 2 |  2.0
Fighting       | 1 |  1.5
Armour         | 1 |  1.6
Stealth        | |  2.4
Spellcasting   | |  2.8
Conjurations   | |  3.9

Action                   |  1- 3 |  4- 6 || total
-------------------------+-------+-------++-------
Melee: Falchion          |    50 |       ||    50
 Cast: Magic Dart        |    32 |       ||    32
       Searing Ray       |     5 |       ||     5
 Abil: Dig               |       |     1 ||     1
Armor: Robe              |    16 |     2 ||    18
Dodge: Dodged            |    39 |     3 ||    42
